 Dungeon Crawl Stone Soup version 0.22-a0-135-g6f012ad (webtiles) character file.

5896 tsouns the Magician (level 10, -6/74 HPs)
             Began as a Gnoll Air Elementalist on Jan 30, 2018.
             Was a Priest of Okawaru.
             Mangled by a three-headed hydra (10 damage)
             ... on level 9 of the Dungeon on Jan 31, 2018.
             The game lasted 00:29:02 (8704 turns).

tsouns the Magician (Gnoll Air Elementalist)        Turns: 8704, Time: 00:29:04

Health: -6/74      AC:  8    Str: 11    XL:     10   Next: 82%
Magic:  13/30      EV: 18    Int: 20    God:    Okawaru [***...]
Gold:   458        SH:  5    Dex: 16    Spells: 9/24 levels left

rFire    . . .     SeeInvis .   J - +7 hand crossbow of Floods {venom, MP+9}
rCold    + + .     Gourm    .   m - +0 buckler
rNeg     . . .     Faith    .   P - +1 leather armour {rC+}
rPois    .         Spirit   .   (no helmet)
rElec    .         Reflect  .   (no cloak)
rCorr    .         Harm     .   (no gloves)
MR       .....                  I - +2 pair of boots
Stlth    +++.......             (no amulet)
HPRegen  0.22/turn              B - ring of protection from cold
MPRegen  0.22/turn              N - +2 ring of evasion

@: very slightly contaminated
A: distributed training, fangs 1, strong nose
a: Heroism, Renounce Religion


You were on level 9 of the Dungeon.
You worshipped Okawaru.
Okawaru was most pleased with you.
You were not hungry.

You visited 2 branches of the dungeon, and saw 10 of its levels.
You also visited: Sewer.

You collected 458 gold pieces.

Inventory:

Hand Weapons
 r - a +3 short sword of freezing
 y - a +4 morningstar of freezing
 J - the +7 hand crossbow of Floods (weapon) {venom, MP+9}
   (You found it on level 7 of the Dungeon)

   It poisons the ammo it fires.
   It affects your magic capacity (+9).
 O - a +2 hand axe of electrocution
Missiles
 w - 275 stones
 K - 27 bolts (quivered)
Armour
 m - a +0 buckler (worn)
 I - a +2 pair of boots (worn)
 P - a +1 leather armour of cold resistance (worn)
Jewellery
 B - a ring of protection from cold (left hand)
 E - an uncursed ring of flight
 N - a +2 ring of evasion (right hand)
Wands
 x - a wand of random effects (22)
 F - a wand of paralysis (7)
 G - a wand of disintegration (14)
 H - a wand of iceblast (7)
 L - a wand of flame (40)
Scrolls
 a - 2 scrolls of fog
 e - a scroll of teleportation
 f - 9 scrolls of remove curse
 j - a scroll of enchant armour
 l - 3 scrolls of enchant weapon
 q - 2 scrolls of amnesia
 M - 2 scrolls of fear
Potions
 g - 5 potions of might
 h - 2 potions of cancellation
 i - 6 potions of heal wounds
 n - 4 potions of curing
 o - a potion of lignification {unknown}
 p - 3 potions of brilliance
 s - 3 potions of degeneration {unknown}
 t - a potion of haste
 u - a potion of berserk rage
 v - 2 potions of invisibility
 A - a potion of flight
 C - 3 potions of magic
 D - 2 potions of agility
Books
 b - a book of Air

   Spells                             Type                      Level
   a - Shock                          Conjuration/Air              1
   b - Swiftness                      Charms/Air                   2
   c - Static Discharge               Conjuration/Air              3
   d - Airstrike                      Air                          4
   e - Lightning Bolt                 Conjuration/Air              5
Comestibles
 c - 13 rations
 z - 6 chunks of flesh


   Skills:
 + Level 5.5 Fighting
 + Level 5.5 Short Blades
 + Level 5.5 Long Blades
 + Level 5.5 Axes
 + Level 5.5 Maces & Flails
 + Level 5.5 Polearms
 + Level 5.5 Staves
 + Level 5.5 Slings
 + Level 5.5 Bows
 + Level 5.5 Crossbows
 + Level 5.5 Throwing
 + Level 5.5 Armour
 + Level 7.2 Dodging
 + Level 7.0 Stealth
 + Level 5.5 Shields
 + Level 5.5 Unarmed Combat
 + Level 7.5 Spellcasting
 + Level 5.1 Conjurations
 + Level 4.5 Hexes
 + Level 4.5 Charms
 + Level 4.5 Summonings
 + Level 4.5 Necromancy
 + Level 4.5 Translocations
 + Level 4.5 Transmutations
 + Level 4.5 Fire Magic
 + Level 4.5 Ice Magic
 + Level 7.2 Air Magic
 + Level 4.5 Earth Magic
 + Level 4.5 Poison Magic
 + Level 6.1 Invocations
 + Level 5.5 Evocations


You had 9 spell levels left.
You knew the following spells:

 Your Spells              Type           Power        Failure   Level  Hunger
a - Shock                 Conj/Air       ####         1%          1    None
b - Swiftness             Chrm/Air       ####....     1%          2    None
c - Static Discharge      Conj/Air       ####....     2%          3    None
d - Airstrike             Air            #####.....   5%          4    ###....
e - Lightning Bolt        Conj/Air       ####......   24%         5    #####..


Dungeon Overview and Level Annotations

Branches:
Dungeon (9/15)             Temple (1/1) D:6
   Lair: D:8-11         Orc: D:9-12

Altars:
Ashenzari
Cheibriados
Dithmenos
Elyvilon
Fedhas
Gozag
Hepliaklqana
Kikubaaqudgha
Makhleb
Nemelex Xobeh
Okawaru
Qazlal
Ru
Sif Muna
Trog
Uskayaw
Vehumet
Wu Jian
Xom
Yredelemnul
Zin
The Shining One

Shops:
D:5 =   D:8 *


Innate Abilities, Weirdness & Mutations

Your experience applies equally to all skills.
You have very sharp teeth.
Your uncanny sense of smell can sniff out nearby items.


Message History

The three-headed hydra is heavily wounded.
The lightning grounds out.
The three-headed hydra bites you. x2
* * * LOW HITPOINT WARNING * * *
The three-headed hydra completely misses you.
Unknown command.
Unknown command.
Casting: Static Discharge (safe; 2% risk of failure)
Confirm with . or Enter, or press ? or * to list all spells.
The three-headed hydra is struck by lightning.
The three-headed hydra is severely wounded.
The lightning arcs!
You are struck by lightning.
* * * LOW HITPOINT WARNING * * *
The lightning arcs!
The three-headed hydra is struck by lightning.
The three-headed hydra is severely wounded.
The lightning grounds out.
The three-headed hydra bites you!
* * * LOW HITPOINT WARNING * * *
The three-headed hydra closely misses you.
The three-headed hydra bites you!
You die...

#|PP#* #
##########
#........
##########.#####..
#..#.....#.# #..
#..'....≈#.# #..
#..'.P...#.# #..
#..'....≈..# #..
#@.#.....### #..
#D##P≈P.≈# #..
#K.#≈≈)≈P# #..
#.)+.P≈PP# ***
##########


You could see a three-headed hydra and a big kobold.

Vanquished Creatures
  Pikel (D:5)
  A hornet (D:7)
  2 dream sheep (D:9)
  A hippogriff (D:9)
  A wyvern (D:4)
  2 yaks (D:9)
  Duvessa (D:4)
  A water moccasin (D:8)
  A sky beast (D:9)
  5 orc warriors
  3 ice beasts
  2 black bears
  A phantom (D:9)
  2 ogres
  2 centaurs (D:8)
  2 big kobolds (D:9)
  4 bullfrogs
  A water moccasin zombie (D:8)
  Dowan (D:4)
  8 scorpions
  3 killer bees (D:5)
  11 wights
  A howler monkey (D:6)
  A bullfrog zombie (D:8)
  3 crimson imps
  3 hounds
  A centaur zombie (D:6)
  2 jellies
  A centaur skeleton (D:7)
  7 orc priests
  7 orc wizards
  3 worker ants
  A hound skeleton (D:6)
  A worker ant zombie (D:5)
  A howler monkey skeleton (D:7)
  11 adders
  3 river rats
  A shadow imp (D:7)
  3 oozes
  2 adder zombies
  A worm (D:2)
  6 dart slugs
  4 leopard geckos
  46 orcs
  6 bats
  3 giant cockroaches
  10 goblins
  7 hobgoblins
  21 jackals
  5 quokkas
  5 ball pythons
  9 frilled lizards
  6 kobolds
  9 rats
246 creatures vanquished.

Vanquished Creatures (others)
  A slave (D:5)
  A centaur skeleton (D:5)
  An orc (D:5)
  2 jackals (D:5)
  A ball python (D:5)
6 creatures vanquished.

Grand Total: 252 creatures vanquished

Notes
Turn   | Place    | Note
-------+----------+-------------------------------------------
     0 | D:1      | tsouns the Gnoll Air Elementalist began the quest for the Orb.
     0 | D:1      | Reached XP level 1. HP: 13/13 MP: 6/6
    61 | D:1      | Reached XP level 2. HP: 16/19 MP: 3/7
   235 | D:1      | Reached skill level 5 in Spellcasting
   235 | D:1      | Reached XP level 3. HP: 25/25 MP: 0/9
   239 | D:1      | Learned a level 2 spell: Swiftness
   243 | D:1      | Learned a level 3 spell: Static Discharge
   779 | D:2      | Reached skill level 1 in Invocations
   972 | D:2      | Reached skill level 1 in Fighting
   972 | D:2      | Reached skill level 1 in Short Blades
   972 | D:2      | Reached skill level 1 in Long Blades
   972 | D:2      | Reached skill level 1 in Axes
   972 | D:2      | Reached skill level 1 in Maces & Flails
   972 | D:2      | Reached skill level 1 in Polearms
   972 | D:2      | Reached skill level 1 in Staves
   972 | D:2      | Reached skill level 1 in Slings
   972 | D:2      | Reached skill level 1 in Bows
   972 | D:2      | Reached skill level 1 in Crossbows
   972 | D:2      | Reached skill level 1 in Throwing
   972 | D:2      | Reached skill level 1 in Armour
   972 | D:2      | Reached skill level 1 in Shields
   972 | D:2      | Reached skill level 1 in Unarmed Combat
   972 | D:2      | Reached skill level 1 in Evocations
   999 | D:2      | Reached XP level 4. HP: 17/32 MP: 0/11
  1088 | D:2      | Learned a level 4 spell: Airstrike
  1482 | D:3      | Reached skill level 1 in Hexes
  1482 | D:3      | Reached skill level 1 in Charms
  1482 | D:3      | Reached skill level 1 in Summonings
  1482 | D:3      | Reached skill level 1 in Necromancy
  1482 | D:3      | Reached skill level 1 in Translocations
  1482 | D:3      | Reached skill level 1 in Transmutations
  1482 | D:3      | Reached skill level 1 in Fire Magic
  1482 | D:3      | Reached skill level 1 in Ice Magic
  1482 | D:3      | Reached skill level 1 in Earth Magic
  1482 | D:3      | Reached skill level 1 in Poison Magic
  1620 | D:3      | Reached XP level 5. HP: 12/37 MP: 1/12
  2059 | D:3      | Found a stormy altar of Qazlal.
  2256 | D:3      | Found a shimmering altar of Xom.
  2504 | D:4      | Reached XP level 6. HP: 29/44 MP: 4/13
  2634 | D:4      | Noticed Duvessa
  2634 | D:4      | Noticed Dowan
  2855 | D:4      | Reached skill level 5 in Dodging
  2861 | D:4      | Found a glowing drain.
  2875 | Sewer    | Entered a sewer
  3265 | D:4      | Killed Dowan
  3271 | D:4      | Killed Duvessa
  3271 | D:4      | Reached XP level 7. HP: 39/50 MP: 1/15
  3521 | D:4      | Noticed a wyvern
  3527 | D:4      | Killed a wyvern
  3527 | D:4      | Reached skill level 5 in Stealth
  3618 | D:4      | Reached XP level 8. HP: 52/57 MP: 12/16
  3974 | D:5      | Entered Level 5 of the Dungeon
  4077 | D:5      | Noticed Pikel
  4083 | D:5      | Killed Pikel
  4112 | D:4      | Learned a level 5 spell: Lightning Bolt
  4608 | D:5      | Found Tiheydy's Jewellery Emporium.
  4896 | D:6      | Reached XP level 9. HP: 65/65 MP: 11/18
  5393 | D:6      | Found a deep blue altar of Sif Muna.
  5645 | D:6      | Found a staircase to the Ecumenical Temple.
  5654 | Temple   | Entered the Ecumenical Temple
  5826 | Temple   | Became a worshipper of Warmaster Okawaru
  6175 | D:7      | Got a bloodstained hand crossbow
  6191 | D:7      | Identified the +7 hand crossbow of Floods {venom, MP+9} (You found it on level 7 of the Dungeon)
  6445 | D:7      | Reached * piety under Okawaru
  6464 | D:7      | Noticed a hornet
  6472 | D:7      | Killed a hornet
  6472 | D:7      | Reached skill level 5 in Invocations
  6877 | D:8      | Reached XP level 10. HP: 73/73 MP: 20/20
  6887 | D:8      | Found a hazy altar of Hepliaklqana.
  7517 | D:8      | Reached ** piety under Okawaru
  7684 | D:8      | Found Ilokhoni's General Store.
  7726 | D:8      | Reached skill level 5 in Fighting
  7726 | D:8      | Reached skill level 5 in Short Blades
  7726 | D:8      | Reached skill level 5 in Long Blades
  7726 | D:8      | Reached skill level 5 in Axes
  7726 | D:8      | Reached skill level 5 in Maces & Flails
  7726 | D:8      | Reached skill level 5 in Polearms
  7726 | D:8      | Reached skill level 5 in Staves
  7726 | D:8      | Reached skill level 5 in Slings
  7726 | D:8      | Reached skill level 5 in Bows
  7726 | D:8      | Reached skill level 5 in Crossbows
  7726 | D:8      | Reached skill level 5 in Throwing
  7726 | D:8      | Reached skill level 5 in Armour
  7726 | D:8      | Reached skill level 5 in Shields
  7726 | D:8      | Reached skill level 5 in Unarmed Combat
  7726 | D:8      | Reached skill level 5 in Evocations
  8390 | D:9      | Upgraded the game from 0.22-a0-126-g307c7c3 to 0.22-a0-135-g6f012ad
  8491 | D:9      | Reached *** piety under Okawaru
  8491 | D:9      | Received a gift from Okawaru
  8494 | D:9      | Reached skill level 5 in Conjurations
  8660 | D:9      | Noticed a three-headed hydra
  8704 | D:9      | Mangled by a three-headed hydra

Vault maps used:
D:1:      minmay_arrival_floating_metal, kennysheep_pointless_box, hex_medium,
          serial_park_tiny_2
D:3:      grunt_qazlal_sundering, tgw_xom
D:4:      gup_sewer_entry_bubbles, first_ration, uniq_duvessa
D:5:      serial_shops, nicolae_shop_window_shopping, serial_glass,
          glass_columns_a, glass_columns_c, kennysheep_small_spiral, uniq_pikel
D:6:      overflow_temple_1_default, minmay_temple_entry_statues_fountains
D:8:      old_standard_altar, serial_shops, kennysheep_mini
D:9:      minmay_weird_star, hangedman_ranch
Temple:   regret_index_temple_mists
Sewer:    sewer_co_cracked_pipes

Skill      XL: |  1  2  3  4  5  6  7  8  9 10 |
---------------+-------------------------------+-----
Conjurations   | 2 3 4 5 |  5.1
Spellcasting   | 5 6 7 |  7.5
Invocations    | 1 2 3 4 5 6 |  6.1
Fighting       | 1 2 3 4 5 |  5.5
Short Blades   | 1 2 3 4 5 |  5.5
Long Blades    | 1 2 3 4 5 |  5.5
Axes           | 1 2 3 4 5 |  5.5
Maces & Flails | 1 2 3 4 5 |  5.5
Polearms       | 1 2 3 4 5 |  5.5
Staves         | 1 2 3 4 5 |  5.5
Slings         | 1 2 3 4 5 |  5.5
Bows           | 1 2 3 4 5 |  5.5
Crossbows      | 1 2 3 4 5 |  5.5
Throwing       | 1 2 3 4 5 |  5.5
Armour         | 1 2 3 4 5 |  5.5
Shields        | 1 2 3 4 5 |  5.5
Unarmed Combat | 1 2 3 4 5 |  5.5
Evocations     | 1 2 3 4 5 |  5.5
Hexes          | 1 2 3 4 |  4.5
Charms         | 1 2 3 4 |  4.5
Summonings     | 1 2 3 4 |  4.5
Necromancy     | 1 2 3 4 |  4.5
Translocations | 1 2 3 4 |  4.5
Transmutations | 1 2 3 4 |  4.5
Fire Magic     | 1 2 3 4 |  4.5
Ice Magic      | 1 2 3 4 |  4.5
Earth Magic    | 1 2 3 4 |  4.5
Poison Magic   | 1 2 3 4 |  4.5
Dodging        | 5 6 7 |  7.2
Stealth        | 5 6 7 |  7.0
Air Magic      | 6 7 |  7.2

Action                   |  1- 3 |  4- 6 |  7- 9 | 10-12 || total
-------------------------+-------+-------+-------+-------++-------
Melee: Short sword       |     3 |    14 |     5 |       ||    22
       Hand axe          |     6 |       |       |       ||     6
       Bite              |       |     1 |       |       ||     1
       Morningstar       |       |       |    12 |       ||    12
 Fire: Hand crossbow     |       |       |    12 |    19 ||    31
 Cast: Shock             |    58 |   146 |   139 |   102 ||   445
       Airstrike         |       |     4 |    44 |    29 ||    77
       Static Discharge  |       |     5 |    12 |    22 ||    39
  Use: Scroll            |       |    12 |     6 |     5 ||    23
  Eat: Chunk             |       |     8 |     6 |     7 ||    21
       Ration            |       |       |     3 |     1 ||     4
Armor: Robe              |     3 |     3 |     5 |     2 ||    13
       Leather armour    |       |       |       |     4 ||     4
Dodge: Dodged            |    10 |    37 |    40 |    46 ||   133
Block: Buckler           |       |    13 |    16 |    20 ||    49

Table legend:
 A = Spawn XP
 B = Non-spawn XP
 C = Spawn XP percentage of total XP
 D = Spawn monster count
 E = Non-spawn monster count
 F = Spawn count percentage of total count
 G = Total turns spent on level
                    A         B        C        D         E        F      G
               +---------+---------+-------+---------+---------+-------+---------
         Total |       0 |    8424 |   0.0 |       0 |     246 |   0.0 |  8704
               +---------+---------+-------+---------+---------+-------+---------
           D:1 |       0 |      54 |   0.0 |       0 |      21 |   0.0 |   751
           D:2 |       0 |      50 |   0.0 |       0 |      17 |   0.0 |   864
           D:3 |       0 |     134 |   0.0 |       0 |      34 |   0.0 |  1008
           D:4 |       0 |    1069 |   0.0 |       0 |      33 |   0.0 |  1199
           D:5 |       0 |     986 |   0.0 |       0 |      13 |   0.0 |   736
           D:6 |       0 |     978 |   0.0 |       0 |      25 |   0.0 |  1078
           D:7 |       0 |    1021 |   0.0 |       0 |      19 |   0.0 |   600
           D:8 |       0 |    1448 |   0.0 |       0 |      34 |   0.0 |  1163
           D:9 |       0 |    2629 |   0.0 |       0 |      36 |   0.0 |   791
         Sewer |       0 |      55 |   0.0 |       0 |      14 |   0.0 |   326
               +---------+---------+-------+---------+---------+-------+---------
